 Dungeon Crawl Stone Soup version bcrawl-1.21.3 (webtiles) character file.

Game seed: 7029135378270709969

47 Freyura the Skirmisher (level 3, -9/34 HPs)
             Began as a Hill Orc Fighter on Apr 10, 2020.
             Was an Initiate of the Shining One.
             Killed by divine providence
             ... invoked by an orc priest
              (14 damage)
             ... on level 3 of the Dungeon.
             The game lasted 00:02:53 (1584 turns).

Freyura the Skirmisher (Hill Orc Fighter)           Turns: 1584, Time: 00:02:53

Health: -9/34      AC:  4    Str: 22 (23) XL:     3   Next: 70%
Magic:  4/4        EV: 13    Int:  7 (8)  God:    the Shining One [......]
Gold:   161        SH: 10    Dex: 14 (16) Spells: 2/2 levels left

rFire    . . .     SeeInvis .   a - +0 flail
rCold    . . .     Gourm    .   c - +0 medium shield
rNeg     . . .     Faith    .   l - +0 troll leather armour
rPois    .         Spirit   .   (no helmet)
rElec    .         Reflect  .   (no cloak)
rCorr    .         Harm     .   (no gloves)
MR       .....                  (no boots)
Stlth    +.........             (no amulet)
HPRegen  0.51/turn              (no ring)
MPRegen  0.09/turn              (no ring)

@: mighty, agile, swift, flying, glowing, very quick
A: no striking features
a: Renounce Religion, Convert to Beogh


You were on level 3 of the Dungeon.
You worshipped the Shining One.
The Shining One was noncommittal.
You were very hungry.

You visited 1 branch of the dungeon, and saw 3 of its levels.

You collected 161 gold pieces.

Inventory:

Hand Weapons
 a - a +0 flail (weapon)
Missiles
 k - 2 throwing nets (quivered) {!f}
Armour
 b - a +0 scale mail
 c - a +0 medium shield (worn)
 l - a +0 troll leather armour (worn)
Scrolls
 i - a scroll of identify
Potions
 h - a potion of curing
 n - a potion of flight
Comestibles
 e - 8 rations {!d}
 f - 4 chunks of flesh


   Skills:
 * Level 4.5 Fighting
   Level 4.5 Short Blades
   Level 4.5 Long Blades
   Level 4.5 Axes
   Level 4.5 Maces & Flails
   Level 4.5 Polearms
   Level 4.5 Staves
 + Level 3.7 Armour
 + Level 3.7 Shields
   Level 4.5 Unarmed Combat
 + Level 1.4 Invocations


You had 2 spell levels left.
You didn't know any spells.
Your spell library was empty.

Dungeon Overview and Level Annotations

Branches:
Dungeon (3/12)

Altars:
Gozag
The Shining One


Message History

The orc barely misses you.
You sock the orc!
You kill the orc!
You closely miss the orc. The orc barely misses you.
The orc hits you with a +2 hand axe of electrocution.
* * * LOW HITPOINT WARNING * * *
It was a potion of flight.
You feel very buoyant.
You fly up into the air.
The orc closely misses you.
It was a potion of degeneration.
There was something very wrong with that liquid.
You feel weakened.
You feel dopey.
You feel clumsy.
The orc hits you with a +2 hand axe of electrocution.
* * * LOW HITPOINT WARNING * * *
It was a potion of agility.
You feel agile all of a sudden.
You feel very mighty all of a sudden.
The orc priest invokes the aid of Beogh against you.
Beogh smites you!
You die...

### ..# #.# #.#
#. #.# #. #.# #.
#.# #. #@#
#.###o#
#.#.oo####
###.#.#....#
#.....+....'.o..#
#####.#....##oo##
#.#...... ...
#.#....##.. #
#.###+## ..


You could see an orc priest and 2 orcs.

Vanquished Creatures
  2 worms (D:2)
  A dart slug (D:2)
  2 leopard geckos (D:2)
  2 orcs (D:3)
  A giant cockroach (D:2)
  5 goblins
  3 hobgoblins
  5 jackals (D:2)
  5 bats
  A frilled lizard (D:2)
  3 kobolds
  3 rats
33 creatures vanquished.

Notes
Turn   | Place    | Note
-------+----------+-------------------------------------------
     0 | D:1      | Freyura the Hill Orc Fighter began the quest for the Orb.
     0 | D:1      | Reached XP level 1. HP: 20/20 MP: 1/1
   297 | D:1      | Found a glowing golden altar of the Shining One.
   319 | D:1      | Became a worshipper of the Shining One
   616 | D:2      | Reached XP level 2. HP: 23/27 MP: 2/2
   922 | D:2      | Reached skill level 1 in Invocations
   968 | D:2      | Reached XP level 3. HP: 33/34 MP: 3/3
  1145 | D:2      | Found an opulent altar of Gozag.
  1584 | D:3      | Killed from afar by an orc priest

Skill      XL: |  1  2 |
---------------+-------+-----
Invocations    | 1 |  1.4
Fighting       | |  4.5
Short Blades   | |  4.5
Long Blades    | |  4.5
Axes           | |  4.5
Maces & Flails | |  4.5
Polearms       | |  4.5
Staves         | |  4.5
Armour         | |  3.7
Shields        | |  3.7
Unarmed Combat | |  4.5

Action                   || total
-------------------------++-------
Melee: Flail             ||    79
  Use: Potion            ||     4
       Scroll            ||     3
  Eat: Chunk             ||     1
Armor: Scale mail        ||    11
       Troll leather arm ||    12
Dodge: Dodged            ||    30
Block: Medium shield     ||    31
